 Dungeon Crawl Stone Soup version 0.30-a0-1116-gebefce21f7 (webtiles) character file.

Game seed: 5619714706058351694

51 NinjaNoafa the Ruffian (level 3, -5/33 HPs)
             Began as a Ghoul Monk on Apr 21, 2023.
             Slain by Sigmund
             ... wielding a +0 scythe
              (12 damage)
             ... on level 2 of the Dungeon.
             The game lasted 00:02:25 (1186 turns).

NinjaNoafa the Ruffian (Ghoul Monk)                 Turns: 1186, Time: 00:02:25

Health: -5/33      AC:  2    Str: 16    XL:     3   Next: 81%
Magic:  2/2        EV: 12    Int: 11    God:
Gold:   69         SH:  3    Dex: 11    Spells: 2/2 levels left

rFire   . . .      SeeInvis .      - Unarmed
rCold   + . .      Faith    .    h - +0 buckler
rNeg    + + +      Spirit   .    a - +0 robe
rPois   ∞          Reflect  .    (no helmet)
rElec   .          Rampage  .    (no cloak)
rCorr   .                        (no gloves)
Will    .....                    (no boots)
Stlth   +                        (no amulet)
HPRegen 0.00/turn                d - +6 ring of intelligence
MPRegen 0.08/turn                (no ring)

@: inhibited regen
A: claws 1, cold resistance 1, negative energy resistance 3, inhibited
regeneration, torment resistance 2, devour on kill
a: no special abilities


You were on level 2 of the Dungeon.
You visited 1 branch of the dungeon, and saw 2 of its levels.

You collected 69 gold pieces.

Inventory:

Missiles
 g - 2 javelins (quivered)
Armour
 a - a +0 robe (worn)
 h - a +0 buckler (worn)
 i - a +0 pair of gloves
Jewellery
 d - a +6 ring of intelligence (left claw)
Scrolls
 c - a scroll of identify {unknown}
 e - a scroll of poison {unknown}
Potions
 f - a potion of resistance {unknown}


   Skills:
 + Level 3.8 Fighting
 + Level 3.1 Dodging
 + Level 0.5 Shields
 * Level 4.2 Unarmed Combat


You had 2 spell levels left.
You didn't know any spells.
Your spell library contained the following spells:

 Spells                   Type           Power      Damage    Failure   Level
 Magic Dart               Conj           0%         1d3       43%         1
 Blink                    Tloc           0%         N/A       58%         2
 Call Imp                 Summ           0%         N/A       58%         2
 Lesser Beckoning         Tloc           0%         N/A       58%         2
 Momentum Strike          Conj/Tloc      0%         3d8       58%         2
 Mephitic Cloud           Conj/Pois/Air  0%         N/A       82%         3


Dungeon Overview and Level Annotations

Branches:
Dungeon (2/15)

Altars:

Annotations:
D:2 Sigmund


Innate Abilities, Weirdness & Mutations

You are immune to poison.
You have sharp fingernails.
Your flesh is cold resistant. (rC+)
You are immune to negative energy. (rN+++)
You do not regenerate when monsters are visible.
You are immune to unholy pain and torment.
You thrive by killing the living.


Message History

You bump into the rock wall.
You miss something.
You feel less confused. Something barely misses you.
You completely miss something. Something hits you!
* * * LOW HITPOINT WARNING * * *
You hear some strange, mumbled words.
Something tries to affect you, but you resist.
Something tries to affect you, but you resist.
You aren't carrying any items that you can evoke.
Unknown command.
You see here 3 javelins.
g - 3 javelins You see here a javelin.
g - 4 javelins (gained 1)
You see here a javelin.
g - 5 javelins (gained 1)
You hear some strange, mumbled words.
Something tries to affect you, but you resist.
Sigmund appears from thin air!
Reactivating autopickup.
Sigmund casts a spell.
Sigmund flickers and vanishes!
Deactivating autopickup; reactivate with Ctrl-A.
Throw: 5 javelins
Press: ? - help, Q - select action Shift-Dir - straight line You throw a javelin.
A magic dart appears from out of thin air!
The magic dart hits you!
* * * LOW HITPOINT WARNING * * *
Throw: 4 javelins
Press: ? - help, Q - select action Shift-Dir - straight line You throw a javelin.
Something hits you but does no damage.
Unknown command.
Throw: 3 javelins
Press: ? - help, Q - select action Shift-Dir - straight line You throw a javelin.
Something hits you!
You die...

..###.##...####.#.##.####.######
..# #......).......#.# .# ..#
#.##.######.#..#.# .# ..# #.##.#
#.#..##. .# ..# #.##.# #.#..# .
..######.######.#..# ≈≈
....{...........#..# §§
.#######.#########.#
.........(....{.@..#
#########.########.# #... #
#####


There were no monsters in sight!

Vanquished Creatures
  An adder (D:2)
  A worm (D:2)
  A dart slug (D:1)
  4 orcs (D:2)
  3 endoplasms (D:2)
  6 goblins
  5 hobgoblins
  3 kobolds
  4 ball pythons
  3 frilled lizards
31 creatures vanquished.

Notes
Turn   | Place    | Note
-------+----------+-------------------------------------------
     0 | D:1      | NinjaNoafa the Ghoul Monk began the quest for the Orb.
     0 | D:1      | Reached XP level 1. HP: 19/19 MP: 0/0
   340 | D:1      | Reached XP level 2. HP: 26/26 MP: 1/1
   828 | D:2      | Reached skill level 4 in Unarmed Combat
   828 | D:2      | Reached XP level 3. HP: 17/33 MP: 2/2
  1134 | D:2      | Noticed Sigmund
  1186 | D:2      | Slain by Sigmund

Illustrated notes

Levels and vault maps discovered:
D:1:      spicycebolla_arrival_xxxplode, layout_basic, minivault_24,
          serial_park_tiny_1
D:2:      layout_basic, serial_shops, nicolae_lakefront_shop, uniq_sigmund

Skill      XL: |  1  2 |
---------------+-------+-----
Dodging        | 3 |  3.1
Unarmed Combat | 4 |  4.2
Fighting       | |  3.8
Shields        | |  0.5

Action                     || total
---------------------------++-------
  Melee: Unarmed           ||   122
  Throw: Javelin           ||     8
    Use: Potion            ||     1
 Armour: Robe              ||    19
  Dodge: Dodged            ||    66
  Block: Buckler           ||    10

Table legend: (Time is in decaauts)
 A = Elapsed time spent in this place.
 B = Non-inter-level travel time spent in this place.
 C = Inter-level travel time spent in this place.
 D = Time resting spent in this place.
 E = Time spent auto-exploring this place.
 F = Levels seen in this place.
 G = Mean time per level.
                   A        B        C        D        E       F      G
               +--------+--------+--------+--------+--------+-----+--------+
         Total |   1184 |   1168 |     16 |     62 |    711 |   2 |  592.0 |
       Dungeon |   1184 |   1168 |     16 |     62 |    711 |   2 |  592.0 |
               +--------+--------+--------+--------+--------+-----+--------+

Top non-repeatable levels by time:
     D:1: 733 daAuts
     D:2: 451 daAuts
